 Dungeon Crawl Stone Soup version 0.26-a0-652-gafc20e3620 (webtiles) character file.

Game seed: 8673715843129704542

50 grandjackal the Insei (level 3, 0/27 HPs)
             Began as a Demonspawn Transmuter on Oct 2, 2020.
             Succumbed to an adder's poison
             ... on level 2 of the Dungeon.
             The game lasted 00:01:38 (1753 turns).

grandjackal the Insei (Demonspawn Transmuter)       Turns: 1753, Time: 00:01:38

Health: 0/27       AC:  2    Str: 10    XL:     3   Next: 55%
Magic:  2/6        EV: 12    Int: 15    God:
Gold:   59         SH:  0    Dex: 13    Spells: 2/6 levels left

rFire    . . .     SeeInvis .     - Unarmed
rCold    + . .     Faith    .   (no shield)
rNeg     . . .     Spirit   +   a - +0 robe
rPois    .         Reflect  .   (helmet currently unavailable)
rElec    .         Harm     .   (no cloak)
rCorr    .         Rampage  .   (no gloves)
MR       .....                  (boots currently unavailable)
Stlth    +.........             (no amulet)
HPRegen  0.09/turn              (no ring)
MPRegen  0.10/turn              (no ring)

@: lethally poisoned (0 -> -6), appendages (expiring)
A: horns 2, talons 2, cold resistance 1, magic shield
a: End Transformation


You were on level 2 of the Dungeon.
You had grown temporary horns.
You had grown temporary talons.
You visited 1 branch of the dungeon, and saw 2 of its levels.

You collected 59 gold pieces.

Inventory:

Armour
 a - a +0 robe (worn)
 h - a +0 pair of boots (melded)
Scrolls
 c - 2 scrolls of identify {unknown}
 e - a scroll of fear {unknown}
Potions
 b - a potion of lignification {unknown}
 d - a potion of might
 f - a potion of heal wounds {unknown}
 g - 2 potions of flight {unknown}


   Skills:
 + Level 2.1 Fighting
 - Level 1.7 Dodging
 + Level 3.3 Unarmed Combat
 - Level 2.0 Spellcasting
 + Level 2.5 Transmutations


You had 2 spell levels left.
You knew the following spells:

 Your Spells              Type           Power        Failure   Level
a - Beastly Appendage     Tmut           #.....       8%          1
b - Spider Form           Tmut/Pois      #.........   36%         3

Your spell library contained the following spells:

 Spells                   Type           Power        Failure   Level
 Wereblood                Tmut           #.......     12%         2
 Ice Form                 Ice/Tmut       #.......     78%         4
 Blade Hands              Tmut           #.........   91%         5


Dungeon Overview and Level Annotations

Branches:
Dungeon (2/15)

Altars:
Uskayaw


Innate Abilities, Weirdness & Mutations

Your flesh is cold resistant. (rC+)
When hurt, damage is shared between your health and your magic reserves.
You have a pair of horns on your head.
You have razor-sharp toenails.


Message History

You barely miss the adder. You claw the adder.
The adder is severely wounded.
The adder bites you.
Your magical contamination has completely faded away.
You closely miss the adder. Your kick misses the adder.
The adder is severely wounded.
Your transformation is almost over.
You feel sick. The adder bites you.
* * * LOW HITPOINT WARNING * * *
You are lethally poisoned!
The adder poisons you!
You barely miss the adder.
The adder is severely wounded.
The adder bites you.
* * * LOW HITPOINT WARNING * * *
Unknown command.
Unknown command.
You hit the adder.
You kill the adder!
You die...

#.# ###.#
..#.#######
#####.#.#.....#
...#.#.#.###.#
######.#.#.#.# #.#
...........#.###.#
...............†.###
.........###.##.@..#
#####.#### #.##.##.#
#...#.# #.##..#.#
#.#.#.# #.###.#.#
..#.#.# #<# #...#
###.#.## ### ##..#
###.#..# #..#
....##.# ##.#
##..##.# #)........#


There were no monsters in sight!

Vanquished Creatures
  An adder (D:2)
  A worm (D:2)
  3 bats
  2 giant cockroaches (D:1)
  4 goblins
  6 hobgoblins (D:1)
  7 jackals (D:1)
  A quokka (D:2)
  A ball python (D:1)
  2 frilled lizards (D:1)
  2 kobolds (D:1)
  3 rats (D:1)
33 creatures vanquished.

Notes
Turn   | Place    | Note
-------+----------+-------------------------------------------
     0 | D:1      | grandjackal the Demonspawn Transmuter began the quest for
                  | the Orb.
     0 | D:1      | Reached XP level 1. HP: 15/15 MP: 3/3
   343 | D:1      | Gained mutation: When hurt, damage is shared between your
                  | health and your magic reserves. [demonic ancestry]
   343 | D:1      | Reached XP level 2. HP: 21/21 MP: 3/5
   452 | D:1      | Reached skill level 3 in Unarmed Combat
   788 | D:1      | Gained mutation: Your flesh is cold resistant. (rC+)
                  | [demonic ancestry]
   788 | D:1      | Reached XP level 3. HP: 24/27 MP: 4/6
  1404 | D:1      | Learned a level 3 spell: Spider Form
  1571 | D:2      | Found a hide-covered altar of Uskayaw.
  1752 | D:2      | HP: 1/27 [adder (4)]
  1753 | D:2      | Succumbed to an adder's poison

Illustrated notes

Levels and vault maps discovered:
D:1:      minmay_arrival_radiant_lines, layout_loops_ring, columned_hall_lemuel,
          minmay_fountain_box, chequers_decorated_corner, minmay_misc_feat_cross
D:2:      layout_basic, nicolae_overflow_crystal_walls, minmay_guardbox

Skill      XL: |  1  2  3 |
---------------+----------+-----
Transmutations | 2 |  2.5
Unarmed Combat | 3 |  3.3
Fighting       | 2 |  2.1
Dodging        | |  1.7
Spellcasting   | |  2.0

Action                   || total
-------------------------++-------
Melee: Unarmed           ||   111
       Kick              ||    14
       Punch             ||     2
       Headbutt          ||     2
 Cast: Beastly Appendage ||    10
 Stab: Distracted        ||     1
Armor: Robe              ||    24
Dodge: Dodged            ||    75

Table legend: (Time is in decaauts)
 A = Elapsed time spent in this place.
 B = Non-inter-level travel time spent in this place.
 C = Inter-level travel time spent in this place.
 D = Time resting spent in this place.
 E = Time spent auto-exploring this place.
 F = Levels seen in this place.
 G = Mean time per level.
                   A        B        C        D        E       F      G
               +--------+--------+--------+--------+--------+-----+--------+
         Total |   1746 |   1670 |     76 |    472 |    958 |   2 |  873.0 |
       Dungeon |   1746 |   1670 |     76 |    472 |    958 |   2 |  873.0 |
               +--------+--------+--------+--------+--------+-----+--------+

Top non-repeatable levels by time:
     D:1: 1474 daAuts
     D:2: 271 daAuts
